 Dungeon Crawl Stone Soup version 0.20.1-1-g8b1a95d (webtiles) character file.

72 roguezilla the Skirmisher (level 4, -9/37 HPs)
             Began as a Merfolk Berserker on Nov 18, 2017.
             Was an Initiate of the Shining One.
             Killed by divine providence
             ... invoked by an orc priest
              (15 damage)
             ... on level 4 of the Dungeon.
             The game lasted 00:23:56 (1419 turns).

roguezilla the Skirmisher (Merfolk Berserker)       Turns: 1419, Time: 00:23:56

Health: -9/37      AC: 11    Str: 18    XL:     4   Next: 25%
Magic:  4/4        EV:  3    Int:  6    God:    the Shining One [......]
Gold:   156        SH:  7    Dex: 13    Spells: 3/3 levels left

rFire    . . .     SeeInvis .   a - +2 hand axe
rCold    . . .     Gourm    .   c - +0 shield
rNeg     + . .     Faith    +   d - +0 plate armour
rPois    .         Spirit   .   (no helmet)
rElec    .         Reflect  .   (no cloak)
rCorr    .         Harm     .   f - +0 pair of gloves
MR       .....                  (no boots)
Stlth    ..........             e - amulet of faith
Regen    0.2/turn               b - ring of positive energy
MPRegen  0.1/turn               (no ring)

@: glowing
A: change form in water, swift swim, stealthy swim
a: Renounce Religion


You were on level 4 of the Dungeon.
You worshipped the Shining One.
The Shining One was noncommittal.
You were very full.

You visited 1 branch of the dungeon, and saw 4 of its levels.

You collected 156 gold pieces.

Inventory:

Hand Weapons
 a - a +2 hand axe (weapon)
Armour
 c - a +0 shield (worn)
 d - a +0 plate armour (worn)
 f - a +0 pair of gloves (worn)
Jewellery
 b - a ring of positive energy (left hand)
 e - an amulet of faith (around neck)
Scrolls
 g - a scroll of identify


   Skills:
 + Level 4.2 Fighting
 + Level 2.9 Axes
 + Level 1.8 Armour
 + Level 3.4 Dodging
 + Level 0.2 Stealth


You had 3 spell levels left.
You didn't know any spells.

Dungeon Overview and Level Annotations

Branches:
Dungeon (4/15)
 Temple: D:4-7

Altars:
Hepliaklqana
The Shining One


Message History

Beogh smites you!
* * * LOW HITPOINT WARNING * * *
Your plate armour prevents you from hitting the orc.
The orc barely misses you.
You hit the orc.
The orc is almost dead.
The orc barely misses you.
You slash the orc!
You kill the orc!
The orc priest barely misses you.
You closely miss the orc priest. You block the orc priest's attack. x2
The orc priest calls down the wrath of Beogh upon you.
Pain shoots through your body!
* * * LOW HITPOINT WARNING * * *
Your plate armour prevents you from hitting the orc priest.
The orc priest hits you but does no damage. x2
You closely miss the orc priest.
The orc priest invokes the aid of Beogh against you.
Beogh smites you!
You die...

.# ......... .#
........# .#
.!...o..# .#
....s..o# .# #)# .#
#######†# .#
#.o..oo.# .#
#o####### .# #@# .#
#.### # #...# #.#####
####.....# #....###.#
##########.##.###.# #
#...>...##.#...##.#.#
#............_......#


You could see 2 orc priests.

Vanquished Creatures
  An orc wizard (D:3)
  An adder (D:1)
  An adder skeleton (D:4)
  A worm (D:2)
  A leopard gecko (D:4)
  6 orcs
  4 giant cockroaches
  2 hobgoblins
  A quokka (D:2)
  2 bats (D:1)
  3 frilled lizards
  2 kobolds
  3 rats
28 creatures vanquished.

Notes
Turn   | Place    | Note
-------+----------+-------------------------------------------
     0 | D:1      | roguezilla the Merfolk Berserker began the quest for the Orb.
     0 | D:1      | Reached XP level 1. HP: 18/18 MP: 1/1
   288 | D:1      | Reached XP level 2. HP: 19/24 MP: 2/2
   713 | D:2      | Reached XP level 3. HP: 4/30 MP: 3/3
  1051 | D:3      | Reached skill level 4 in Fighting
  1161 | D:3      | Found a glowing golden altar of the Shining One.
  1166 | D:3      | Fell from the grace of Trog
  1166 | D:3      | Became a worshipper of the Shining One
  1188 | D:3      | Reached XP level 4. HP: 37/37 MP: 4/4
  1343 | D:4      | Found a hazy altar of Hepliaklqana.
  1419 | D:4      | Killed from afar by an orc priest

Skill      XL: |  1  2  3 |
---------------+----------+-----
Dodging        | 3 |  3.4
Fighting       | 4 |  4.2
Axes           | |  2.9
Armour         | |  1.8
Stealth        | |  0.2

Action                   |  1- 3 |  4- 6 || total
-------------------------+-------+-------++-------
Melee: Hand axe          |    56 |    24 ||    80
  Use: Scroll            |     9 |     2 ||    11
       Potion            |     1 |     1 ||     2
  Eat: Bread ration      |     2 |       ||     2
Armor: Animal skin       |     9 |       ||     9
       Ring mail         |     8 |     2 ||    10
       Plate armour      |       |     5 ||     5
Dodge: Dodged            |    29 |    10 ||    39
Block: Shield            |     7 |     7 ||    14
